 Dungeon Crawl Stone Soup version 0.31-b1-20-g67cafac56d (webtiles) character file.

Game seed: 10227463686555766560

23 Esekla the Sneak (level 2, -5/21 HPs)
             Began as an Octopode Delver on Jan 17, 2024.
             Was an Initiate of Gozag.
             Slain by a mummy (9 damage)
             ... in an ossuary.
             The game lasted 00:04:05 (393 turns).

Esekla the Sneak (Octopode Delver)                   Turns: 393, Time: 00:04:06

Health: -5/21      AC:  1    Str: 11    XL:     2   Next: 95%
Magic:  3/3        EV: 13    Int: 12    God:    Gozag
Gold:   49         SH:  0    Dex: 13    Spells: 2/2 levels left

rFire   . . .        a - +0 falchion
rCold   . . .        (no shield)
rNeg    . . .        (helmet restricted)
rPois   .            (no amulet)
rElec   .            (no ring)
rCorr   .            (no ring)
SInv    .            (no ring)
Will    .....        (no ring)
Stlth   ++++         (no ring)
HPRegen 0.23/turn    (no ring)
MPRegen 0.08/turn    (no ring)
                     (no ring)

%: no passive effects
@: no status effects
A: almost no armour, amphibious, 8 rings, camouflage 1, gelatinous body 1,
(nimble swimmer 1), tentacles
a: Renounce Religion, Potion Petition, Call Merchant, Bribe Branch


You were in an ossuary.
You worshipped Gozag.
Gozag was noncommittal.
You visited 1 branch of the dungeon, and saw 2 of its levels.
You also visited: Ossuary.

You collected 55 gold pieces.
You paid 6 gold pieces to Gozag.

Inventory:

Hand Weapons
 a - a +0 falchion (weapon)
Wands
 f - a wand of digging (1)
Scrolls
 b - a scroll of fog
 c - 3 scrolls of amnesia {unknown}
 d - a scroll of fear
 h - a scroll of teleportation {unknown}
 i - 2 scrolls of enchant weapon {unknown}


   Skills:
 * Level 3.1 Fighting
 * Level 2.2 Long Blades
 * Level 2.1 Dodging
 + Level 7.0 Stealth
 * Level 0.6 Spellcasting


You had 2 spell levels left.
You didn't know any spells.
Your spell library was empty.

Dungeon Overview and Level Annotations

Branches:
Dungeon (5/15)            Ossuary (1/1)
 Temple: D:4-7

Altars:
Gozag
Zin


Innate Abilities, Weirdness & Mutations

You cannot wear most types of armour.
You are amphibious.
You can wear up to eight rings at the same time.
Your skin changes colour to match your surroundings (Stealth+).
Your rubbery body absorbs attacks. (AC +1, EV +1)
((You are camouflaged when in or above water. (Stealth+)))
You have tentacles for arms and can constrict up to eight enemies at once.


Message History

Found 2 scrolls labelled NONTEA YCLU.
Found a gate leading back out of this place.
You open the door.
There is an open door here.
You see here 2 scrolls labelled WEPAOCH SESK.
You close the door.
You see here a scroll labelled NONTEA YCLU.
i - a scroll labelled NONTEA YCLU You see here a scroll labelled NONTEA YCLU.
i - 2 scrolls labelled NONTEA YCLU (gained 1)
You see here 2 scrolls labelled YPEUHO OLIQ.
You see here 2 scrolls labelled WEPAOCH SESK.
c - 3 scrolls labelled WEPAOCH SESK (gained 2)
A mummy opens the door.
You see here 2 scrolls labelled YPEUHO OLIQ.
The adder zombie closely misses you.
It was a potion of attraction.
You feel attractive to monsters.
It was a potion of cancellation.
Your magical effects are unravelling.
You feel magically purged.
You feel less attractive to monsters.
You barely miss the mummy. You grab the mummy.
You constrict the mummy, but do no damage.
The mummy hits you.
* * * LOW HITPOINT WARNING * * *
You hit the mummy but do no damage. You constrict the mummy.
The mummy barely misses you.
Okay, then.
You hit the mummy.
You squeeze the mummy, but do no damage.
The mummy is lightly damaged.
You constrict the mummy. You hit the mummy but do no damage.
The mummy is moderately damaged.
You constrict the mummy. The mummy barely misses you.
You hit the mummy.
The mummy is heavily damaged.
You constrict the mummy. The mummy hits you!
You die...
Your body crumbles into a pile of gold.

...............#..#
..................#
..................#
Z..........##.....#
...........##.....#
..................#
...............ZZ.#
$#####........ZM###
$.............Z#@.#
...∩...........#?.#
###################


You could see a mummy, an adder zombie, 2 hobgoblin zombies and an elf zombie.

Vanquished Creatures
  2 adders
  A giant cockroach (D:4)
  A kobold (D:4)
  2 jackal zombies (Ossuary)
  A rat zombie (Ossuary)
7 creatures vanquished.

Notes
Turn   | Place    | Note
-------+----------+-------------------------------------------
     0 | D:5      | Esekla the Octopode Delver began the quest for the Orb.
     0 | D:5      | Reached XP level 1. HP: 16/16 MP: 1/1
    35 | D:5      | Noticed a phantom
    75 | D:5      | Found a glowing silver altar of Zin.
    75 | D:5      | Found an opulent altar of Gozag.
    80 | D:5      | Became a worshipper of Gozag Ym Sagoz the Greedy
    87 | D:5      | Reached XP level 2. HP: 14/21 MP: 2/2
   119 | D:4      | Noticed a sky beast
   248 | D:4      | Reached skill level 7 in Stealth
   324 | D:4      | Found a sand-covered staircase.
   333 | Ossuary  | Entered an ossuary
   366 | Ossuary  | HP: 1/21 [hobgoblin zombie (4)]
   393 | Ossuary  | Slain by a mummy

Illustrated notes

Levels and vault maps discovered:
D:4:      layout_basic, minitemple, mainiacjoe_ossuary_entry_dusty_tomb,
          pf_guarded_unrand_woodcutter, uniq_pikel
D:5:      layout_loops_ring, grunt_temple_overflow_gold_and_silver,
          dk_yredelemnul_ordeal
Ossuary:  ossuary_minmay_tomb_2a

Skill      XL: |  1  2 |
---------------+-------+-----
Stealth        | 7 |  7.0
Fighting       | |  3.1
Long Blades    | |  2.2
Dodging        | |  2.1
Spellcasting   | |  0.6

Action                     || total
---------------------------++-------
  Melee: Falchion          ||    24
         Tentacles         ||     7
         Constrict         ||     6
  Evoke: Wand              ||     2
    Use: Potion            ||     3
         Scroll            ||     1
   Stab: Sleeping          ||     3
 Armour: Skin              ||    17
  Dodge: Dodged            ||    12
